 Seeded DCSS version 0.30-a0-135-g630cfc4551 (webtiles) character file.

Game seed: 9415503655599987664 (custom seed)

5632 NinjaNoafa the Grappler (level 10, -6/98 HPs)
             Began as a Troll Monk on Sept 20, 2022.
             Was a High Priest of Makhleb.
             Mangled by a troll (8 damage)
             ... on level 10 of the Dungeon.
             The game lasted 00:20:43 (8104 turns).

NinjaNoafa the Grappler (Troll Monk)                Turns: 8104, Time: 00:20:44

Health: -6/98      AC: 10    Str: 27    XL:     10   Next: 46%
Magic:  15/15      EV:  8    Int:  6    God:    Makhleb [*****.]
Gold:   409        SH:  8    Dex: 16    Spells: 9/9 levels left

rFire   . . .      SeeInvis .      - Unarmed
rCold   . . .      Faith    +    M - +0 kite shield
rNeg    . . .      Spirit   .    D - +0 swamp dragon scales
rPois   +          Reflect  .    d - +1 hat {Stlth+}
rElec   .          Harm     +    e - scarf {harm}
rCorr   .          Rampage  .    (gloves unavailable)
Will    +....                    (boots unavailable)
Stlth   ++........               p - amulet of faith
HPRegen 1.06/turn                h - +6 ring of strength
MPRegen 0.14/turn                k - ring of willpower

@: on berserk cooldown, slowed, very slow
A: large, unfitting armour, claws 3, regeneration 1, shaggy fur 1, tough skin 1
a: Renounce Religion, Minor Destruction, Lesser Servant of Makhleb, Major
Destruction, Greater Servant of Makhleb


You were on level 10 of the Dungeon.
You worshipped Makhleb.
Makhleb was extremely pleased with you.
You visited 2 branches of the dungeon, and saw 11 of its levels.
You also visited: Sewer.

You collected 660 gold pieces.
You spent 251 gold pieces at shops.

Inventory:

Missiles
 a - 5 boomerangs
 g - 108 stones
 s - 2 silver boomerangs
 v - 28 poisoned darts
 G - 2 curare-tipped darts
Armour
 d - a +1 hat of stealth (worn)
 e - a scarf of harm (worn)
 D - +0 swamp dragon scales (worn)
 M - a +0 kite shield (worn)
Jewellery
 h - a +6 ring of strength (left claw)
 k - a ring of willpower (right claw)
 p - an amulet of faith (around neck)
 L - a ring of ice
Wands
 r - a wand of flame (59)
Scrolls
 b - 2 scrolls of torment
 f - 4 scrolls of poison
 i - 2 scrolls of teleportation
 j - a scroll of vulnerability
 n - 4 scrolls of immolation
 o - 6 scrolls of butterflies
 t - 4 scrolls of amnesia {unknown}
 u - 3 scrolls of brand weapon {unknown}
 x - 2 scrolls of noise
 y - 2 scrolls of magic mapping {unknown}
 z - a scroll of summoning {unknown}
 A - 3 scrolls of enchant armour {unknown}
 E - 2 scrolls of fear
 I - a scroll of silence {unknown}
Potions
 c - 4 potions of might
 l - 3 potions of heal wounds
 m - 4 potions of attraction
 q - 2 potions of lignification
 w - 8 potions of curing
 B - 5 potions of flight
 C - a potion of degeneration
 F - 2 potions of berserk rage
 H - a potion of magic {unknown}
 J - a potion of brilliance
 K - a potion of resistance {unknown}


   Skills:
 + Level 5.9 Fighting
 - Level 3.0 Armour
 - Level 3.0 Dodging
 - Level 1.0 Stealth
 - Level 3.0 Shields
 - Level 9.0 Unarmed Combat
 + Level 8.5 Invocations
 - Level 3.0 Evocations


You had 9 spell levels left.
You didn't know any spells.
Your spell library contained the following spells:

 Spells                   Type           Power      Damage    Failure   Level
 Shock                    Conj/Air       0%         1d3       87%         1
 Cigotuvi's Dreadful Rot  Necr/Pois/Air  0%         N/A       95%         2
 Dazzling Flash           Conj/Hex       0%         N/A       99%         3
 Summon Guardian Golem    Hex/Summ       0%         N/A       99%         3
 Swiftness                Air            0%         N/A       99%         3
 Airstrike                Air            0%         2d(0-16)  100%        4
 Dispel Undead            Necr           0%         3d6       100%        4
 Passage of Golubria      Tloc           0%         N/A       100%        4
 Agony                    Necr           0%         N/A       100%        5
 Silence                  Hex/Air        0%         N/A       100%        5
 Death Channel            Necr           0%         N/A       100%        6
 Orb of Destruction       Conj           0%         9d5       100%        7
 Spellforged Servitor     Conj/Summ      0%         N/A       100%        7
 Lehudib's Crystal Spear  Conj/Erth      0%         10d2      100%        8


Dungeon Overview and Level Annotations

Branches:
Dungeon (10/15)            Temple (1/1) D:4            Lair (0/5) D:10
  Sewer (visited)
    Orc: D:9-12

Altars:
Ashenzari
Cheibriados
Dithmenos
Elyvilon
Fedhas
Gozag
Hepliaklqana
Kikubaaqudgha
Makhleb
Okawaru
Qazlal
Ru
Sif Muna
Trog
Uskayaw
Wu Jian
Xom
Yredelemnul
Zin
The Shining One

Shops:
D:1 [   D:4 [   D:7 !

Annotations:
D:9 3 runed translucent doors


Innate Abilities, Weirdness & Mutations

You are too large for most types of armour.
You have claws for hands.
Your natural rate of healing is unusually fast.
You are covered in fur. (AC +1)
You have tough skin. (AC +1)


Message History

The gnoll sergeant hits you but does no damage.
The bullfrog completely misses the fungus.
You are too berserk!
A troll comes into view.
The troll shouts!
The bullfrog hits the fungus!
The yak barely misses you.
You feel a strong urge to attack something.
A water moccasin comes into view.
You are too berserk!
The bullfrog attacks as you move away!
The bullfrog hits you but does no damage.
You are no longer berserk.
You are exhausted.
You feel yourself slow down.
The water moccasin hisses angrily.
A nearby fungus withers and dies.
The bullfrog hits you but does no damage.
Found a staircase to the Lair.
The bullfrog hits you but does no damage.
A bullfrog comes into view.
The yak closely misses you.
The bullfrog hits you but does no damage.
The bullfrog closely misses you. You block the bullfrog's attack.
You feel much better.
A nearby plant withers and dies.
A nearby fungus withers and dies.
You block the bullfrog's attack.
The black bear bites the fungus.
The fungus begins to die.
The black bear claws the fungus. x2; The troll bites you but does no damage.
The troll claws you but does no damage. The troll claws you.
You block the bullfrog's attack.
The bullfrog hits you but does no damage.
You block the yak's attack. The bullfrog hits you.
The bullfrog hits you but does no damage. x2
The yak gores you!
* * * LOW HITPOINT WARNING * * *
The troll bites you!
* * * LOW HITPOINT WARNING * * *
The troll claws you!
* * * LOW HITPOINT WARNING * * *
The troll claws you!
You die...

###########
..........#
#..>....##
##.....†g.#
#.......YY#
...PP...h.Y#
..PP...PYFF#
..P.P...Y@F#
..P.....SYT#
.P..P.....P.#
.PPPP...P...#
PP?...P..P..
..P........#
.PP.F...P.P#
P.>P....P...


You could see 6 yaks, a troll, a water moccasin, a black bear, a gnoll sergeant
and 4 bullfrogs.

Vanquished Creatures
  Maggie (D:6)
  A kobold demonologist (D:6)
  A yak (D:10)
  A wyvern (D:6)
  A water moccasin (D:6)
  2 sky beasts
  2 black bears
  An orc warrior (D:9)
  2 ice beasts (D:6)
  3 centaurs
  An ogre (D:4)
  2 phantoms (D:4)
  4 kobold brigands
  4 bullfrogs
  2 gnoll sergeants
  A necrophage (D:4)
  2 scorpions
  Dowan (D:5)
  2 jellies
  2 howler monkeys (D:7)
  3 orc priests (D:5)
  Jessica (D:3)
  5 iguanas
  6 orc wizards
  12 gnolls
  5 river rats (Sewer)
  10 adders
  A shadow imp (D:7)
  3 ufetubi
  5 worms
  2 dart slugs
  16 orcs
  12 bats
  4 endoplasms
  7 giant cockroaches
  8 goblins
  7 hobgoblins
  9 jackals
  2 quokkas (Sewer)
  12 ball pythons
  5 frilled lizards
  21 kobolds
  6 rats
198 creatures vanquished.

Vanquished Creatures (collateral kills)
  5 yaks (D:9)
  A steam dragon (D:9)
  A water moccasin (D:9)
  Duvessa (D:5)
  An orc warrior (D:9)
  A centaur (D:9)
  A bullfrog (D:8)
  6 killer bees (D:9)
  2 orc priests (D:8)
  An iguana (D:5)
  4 orc wizards
  8 orcs
  2 ball pythons (D:5)
34 creatures vanquished.

Vanquished Creatures (others)
  17 fungi (D:10)
  14 plants
31 creatures vanquished.

Grand Total: 263 creatures vanquished

Notes
Turn   | Place    | Note
-------+----------+-------------------------------------------
     0 | D:1      | NinjaNoafa the Troll Monk began the quest for the Orb.
     0 | D:1      | Reached XP level 1. HP: 22/22 MP: 0/0
   217 | D:1      | Reached XP level 2. HP: 27/29 MP: 1/1
   267 | D:1      | Found Hepp's Armour Emporium.
  1035 | D:2      | Reached XP level 3. HP: 34/37 MP: 2/2
  1134 | D:2      | Found a faded altar of an unknown god.
  1363 | D:3      | Found a burning altar of Makhleb.
  1363 | D:3      | Noticed a balrug
  1367 | D:3      | Noticed a ynoxinul
  1367 | D:3      | Noticed a ynoxinul
  1402 | D:3      | Became a worshipper of Makhleb the Destroyer
  1402 | D:3      | Reached * piety under Makhleb
  1402 | D:3      | Reached ** piety under Makhleb
  1517 | D:3      | Reached skill level 4 in Unarmed Combat
  1556 | D:3      | Identified the +4 sling "Niziu" {flame, rF+}
  1764 | D:1      | Bought a +1 cloak for 161 gold pieces
  1841 | D:3      | Noticed Jessica
  1846 | D:3      | Killed Jessica
  1847 | D:3      | Reached XP level 4. HP: 45/45 MP: 3/3
  1988 | D:3      | Reached skill level 5 in Unarmed Combat
  2312 | D:4      | Found Kokab's Armour Boutique.
  2393 | D:4      | Noticed a necrophage
  2403 | D:4      | Killed a necrophage
  2404 | D:4      | Reached XP level 5. HP: 53/53 MP: 4/4
  2423 | D:4      | Noticed a black bear
  2430 | D:4      | Killed a black bear
  2431 | D:4      | Reached skill level 6 in Unarmed Combat
  2431 | D:4      | Reached XP level 6. HP: 57/61 MP: 5/5
  2475 | D:4      | Reached *** piety under Makhleb
  2658 | D:4      | Reached skill level 7 in Unarmed Combat
  2658 | D:4      | Reached skill level 1 in Invocations
  2736 | D:4      | Reached XP level 7. HP: 65/67 MP: 5/8
  2981 | D:4      | Found a staircase to the Ecumenical Temple.
  2993 | Temple   | Entered the Ecumenical Temple
  3282 | D:5      | Entered Level 5 of the Dungeon
  3305 | D:5      | Noticed Dowan
  3306 | D:5      | Noticed Duvessa
  3313 | D:5      | Killed Duvessa
  3317 | D:5      | Killed Dowan
  3334 | D:5      | Found a white marble altar of Elyvilon.
  3424 | D:5      | Found a glowing drain.
  3438 | Sewer    | Entered a sewer
  3613 | Sewer    | Reached **** piety under Makhleb
  3710 | Sewer    | Reached skill level 5 in Invocations
  3838 | Sewer    | Reached skill level 1 in Armour
  4125 | D:5      | Reached XP level 8. HP: 58/75 MP: 10/10
  4346 | D:5      | Found a broken altar of Ashenzari.
  4411 | D:5      | Reached skill level 8 in Unarmed Combat
  4416 | D:5      | Identified the +4 ring mail "Perreis" {rF+ rN++ Dex-4
                  | Slay+2}
  4736 | D:6      | Noticed Maggie
  4749 | D:6      | Killed Maggie
  4845 | D:6      | Reached ***** piety under Makhleb
  4903 | D:6      | Found a glowing silver altar of Zin.
  4974 | D:6      | Reached XP level 9. HP: 61/81 MP: 13/13
  5159 | D:6      | Noticed a kobold demonologist
  5167 | D:6      | Noticed a sixfirhy
  5169 | D:6      | Killed a kobold demonologist
  5170 | D:6      | Reached skill level 9 in Unarmed Combat
  5316 | D:6      | Reached skill level 1 in Evocations
  5728 | D:7      | Identified 2 scrolls of acquirement
  5769 | D:7      | Acquired a +1 hat of stealth
  5771 | D:7      | Acquired a scarf of harm
  5822 | D:7      | Found Zableub's Distillery.
  5831 | D:7      | Bought a potion of berserk rage for 50 gold pieces
  5831 | D:7      | Bought a potion of might for 40 gold pieces
  5980 | D:7      | Found a shimmering altar of Xom.
  6925 | D:8      | Found an ornate altar of the Wu Jian Council.
  6925 | D:8      | Found a basalt altar of Yredelemnul.
  7350 | D:9      | Reached skill level 1 in Shields
  7350 | D:9      | Reached XP level 10. HP: 60/94 MP: 14/14
  7505 | D:9      | Reached skill level 5 in Fighting
  7899 | D:9      | Found a runed translucent gate.
  7899 | D:9      | Found a runed translucent gate.
  7899 | D:9      | Found a runed translucent gate.
  7899 | D:9      | Noticed a cyan ugly thing
  7899 | D:9      | Noticed a manticore
  7899 | D:9      | Noticed a glowing orange brain
  7899 | D:9      | Noticed a cyan ugly thing
  7899 | D:9      | Noticed a purple ugly thing
  7899 | D:9      | a manticore changed into a swamp dragon
  7899 | D:9      | Noticed a swamp dragon (glowing shapeshifter)
  7900 | D:9      | a swamp dragon changed into a dream sheep
  7900 | D:9      | Noticed a cyan ugly thing
  7900 | D:9      | Noticed a white ugly thing
  7903 | D:9      | a floating eye changed into an elephant
  7903 | D:9      | Noticed an elephant (glowing shapeshifter)
  7910 | D:9      | an elephant changed into a salamander
  7910 | D:9      | Noticed a salamander (glowing shapeshifter)
  7932 | D:9      | Found a blossoming altar of Fedhas.
  7953 | D:9      | Noticed a quicksilver ooze
  7956 | D:9      | a quicksilver ooze changed into a radroach
  7956 | D:9      | Noticed a radroach (glowing shapeshifter)
  7957 | D:9      | a radroach changed into a spark wasp
  7957 | D:9      | Noticed a spark wasp (glowing shapeshifter)
  7965 | D:9      | Noticed a wolf spider
  7967 | D:9      | a wolf spider changed into a satyr
  7967 | D:9      | Noticed a satyr (glowing shapeshifter)
  8048 | D:9      | Noticed a goliath frog
  8052 | D:9      | a goliath frog changed into a swamp worm
  8058 | D:9      | a slime creature changed into a water nymph
  8058 | D:9      | Noticed a water nymph (glowing shapeshifter)
  8082 | D:10     | Entered Level 10 of the Dungeon
  8103 | D:10     | Found a staircase to the Lair.
  8104 | D:10     | HP: 2/98 [troll (8)]
  8104 | D:10     | Mangled by a troll

Illustrated notes

Levels and vault maps discovered:
D:1:      lightli_arrival_noodles, layout_basic, serial_shops, shop
D:2:      cheibrodos_helix_gallery, layout_basic, ebering_ecumenical_altar_box
D:3:      minmay_bubble_buster, layout_loops_cross, makhleb_altar_promises_db,
          uniq_jessica
D:4:      layout_gridville, minmay_temple_entry_hall, serial_shops,
          nicolae_shop_trees
D:5:      layout_rooms, elyvilon_altar_1, lemuel_tele_altar,
          nicolae_overflow_hidden_temple, portal_sewer_entry_a,
          minmay_quadrilaterals, uniq_duvessa
D:6:      layout_gridville, kennysheep_little_box, uniq_maggie
D:7:      layout_cave_pods, nicolae_overflow_crystal_walls,
          grunt_decor_arrowhead, minmay_shop_grid_forest, grunt_decor_junction
D:8:      layout_basic, gammafunk_temple_overflow_wave
D:9:      layout_cave_pools, marbit_many_paths,
          ploomutoo_gammafunk_ghost_potion_laboratory, chequers_jeans,
          st_stairs_7
D:10:     layout_long_grid, lemuel_doored_altar, due_lair_maze_entry_diamond,
          erik_orc_1, enter_bailey_2
Temple:   nicolae_temple_bog_church

Skill      XL: |  1  2  3  4  5  6  7  8  9 10 |
---------------+-------------------------------+-----
Fighting       | 3 4 5 |  5.9
Unarmed Combat | 4 5 6 7 8 9 |  9.0
Invocations    | 3 5 6 7 8 |  8.5
Dodging        | 3 |  3.0
Armour         | 1 3 |  3.0
Evocations     | 3 |  3.0
Shields        | 1 3 |  3.0
Stealth        | |  1.0

Action                   |  1- 3 |  4- 6 |  7- 9 | 10-12 || total
-------------------------+-------+-------+-------+-------++-------
Melee: Unarmed           |    95 |    76 |   341 |    29 ||   541
       Punch             |     1 |     2 |    12 |       ||    15
Throw: Stone             |       |     4 |       |       ||     4
       Dart              |       |     2 |       |       ||     2
Invok: Lesser Servant of |       |       |     3 |       ||     3
       Minor Destruction |       |       |    21 |     1 ||    22
       Greater Servant o |       |       |       |     1 ||     1
Evoke: Wand              |       |       |     2 |       ||     2
  Use: Potion            |       |       |     3 |     2 ||     5
       Scroll            |       |       |    15 |     1 ||    16
 Stab: Sleeping          |     1 |     1 |     4 |     1 ||     7
Armor: Robe              |    36 |    29 |   121 |       ||   186
       Swamp dragon scal |       |       |   115 |    38 ||   153
       Skin              |       |       |     3 |       ||     3
Dodge: Dodged            |    52 |    40 |   263 |    32 ||   387
Block: Kite shield       |       |       |    23 |    31 ||    54

Table legend: (Time is in decaauts)
 A = Elapsed time spent in this place.
 B = Non-inter-level travel time spent in this place.
 C = Inter-level travel time spent in this place.
 D = Time resting spent in this place.
 E = Time spent auto-exploring this place.
 F = Levels seen in this place.
 G = Mean time per level.
                   A        B        C        D        E       F      G
               +--------+--------+--------+--------+--------+-----+--------+
         Total |   8212 |   7463 |    749 |     29 |   5628 |  12 |  684.3 |
       Dungeon |   7236 |   6514 |    722 |     29 |   4991 |  10 |  723.6 |
        Temple |    202 |    176 |     26 |      0 |    164 |   1 |  202.0 |
         Sewer |    774 |    774 |      0 |      0 |    472 |   1 |  774.0 |
               +--------+--------+--------+--------+--------+-----+--------+

Top non-repeatable levels by time:
     D:7: 1000 daAuts
     D:3: 912 daAuts
     D:6: 890 daAuts
     D:5: 829 daAuts
     D:1: 806 daAuts
   Sewer: 774 daAuts
     D:9: 760 daAuts
     D:2: 703 daAuts
     D:4: 678 daAuts
     D:8: 636 daAuts
  Temple: 202 daAuts
    D:10: 17 daAuts
